 Dungeon Crawl Stone Soup version 0.29.0-4-gdea44cf6ec (webtiles) character file.

Game seed: 7645863130505972099

97 qw the Chopper (level 4, 0/26 HPs)
             Began as a Tengu Warper on Aug 28, 2022.
             Succumbed to an orc wizard's poison
             ... on level 3 of the Dungeon.
             The game lasted 00:00:13 (2817 turns).

qw the Chopper (Tengu Warper)                       Turns: 2817, Time: 00:00:14

Health: 0/26       AC:  6    Str: 13    XL:     4   Next: 68%
Magic:  8/8        EV: 11    Int: 11    God:
Gold:   119        SH:  0    Dex: 14    Spells: 7/7 levels left

rFire   . . .      SeeInvis .   Y - +1 war axe
rCold   . . .      Faith    .   (no shield)
rNeg    . . .      Spirit   .   m - +0 ring mail
rPois   .          Reflect  .   (helmet restricted)
rElec   .          Harm     .   d - +0 cloak
rCorr   .          Rampage  .   (no gloves)
Will    .....                   (boots unavailable)
Stlth   +.........              (no amulet)
HPRegen 0.08/turn               (no ring)
MPRegen 0.11/turn               (no ring)

@: lethally poisoned (0 -> -9)
A: beak, talons 3, dopey 1
a: no special abilities


You were on level 3 of the Dungeon.
You visited 1 branch of the dungeon, and saw 3 of its levels.

You collected 119 gold pieces.


Innate Abilities, Weirdness & Mutations

You have a beak for a mouth.
You have claws for feet.
You are dopey. (Int -2)


   Skills:
 - Level 2.0 Fighting
 + Level 5.2 Axes
 - Level 1.0 Throwing
 - Level 1.1 Armour
 - Level 2.1 Dodging
 - Level 2.0 Spellcasting
 - Level 2.4 Translocations


You had 7 spell levels left.
You didn't know any spells.
Your spell library contained the following spells:

 Spells                   Type           Power      Damage    Failure   Level
 Blink                    Tloc           12%        N/A       34%         2
 Gell's Gravitas          Tloc           6%         N/A       56%         3
 Lesser Beckoning         Tloc           6%         N/A       56%         3
 Teleport Other           Tloc           6%         N/A       56%         3
 Manifold Assault         Tloc           6%         N/A       100%        5

Inventory:

Hand Weapons
 o - a +0 mace
 Y - a +1 war axe (weapon)
Armour
 c - a +0 chain mail
 d - a +0 cloak (worn)
 m - a +0 ring mail (worn)
Potions
 a - a potion of attraction {unknown}
 b - a potion of degeneration {unknown}
 e - 2 potions of heal wounds {unknown}
 f - a potion of mutation
 g - a potion of brilliance {unknown}
 h - a potion of resistance {unknown}
 i - a potion of flight {unknown}
 j - 2 potions of haste
 k - 2 potions of curing
 p - a potion of magic {unknown}

Dungeon Overview and Level Annotations

Branches:
Dungeon (3/15)

Altars:


Message History

You kill the adder!
Found a stone staircase leading down. 2 orcs come into view.
The orc shouts!
You hear a shout! x2
An orc wizard comes into view. It is wielding a +1 dagger of venom.
An orc priest comes into view. It is wielding a +0 club.
2808 ||| Stepping ~*~*~tactically~*~*~ (hiding).
You start waiting.
An orc wizard is nearby!
You barely miss the orc wizard. Your kick misses the orc wizard.
The orc wizard hits you with a +1 dagger of venom.
You are poisoned.
You closely miss the orc wizard. Your kick misses the orc wizard.
You peck the orc wizard.
The orc wizard is lightly wounded.
You feel very sick. The orc wizard barely misses you.
The orc hits you but does no damage. The orc wizard barely misses you.
You hit the orc wizard. Your kick misses the orc wizard.
You peck the orc wizard. Your punch misses the orc wizard.
The orc wizard is heavily wounded.
You feel sick.
The orc wizard hits you but does no damage.
You are lethally poisoned!
The orc hits you but does no damage.
You closely miss the orc wizard. You claw the orc wizard.
You peck the orc wizard, but do no damage.
The orc wizard is heavily wounded.
You feel very sick.
The orc hits you from afar with a +0 trident.
The orc wizard hits you with a +1 dagger of venom.
You hit the orc wizard.
You claw the orc wizard, but do no damage.
The orc wizard is almost dead.
You feel very sick.
The orc wizard points at you and mumbles some strange words.
The magic dart hits you. The orc misses you.
You slash the orc wizard!
You kill the orc wizard!
You die...

#...../#+###.#
#............#
#.######.....# #..
##...## ### #...#
######## +#.%.#+
+......###.....###
######.............
#....)@.....}......
#.##o#.............
#o#####.....#### .
.#...#.. oo
.#...#... oo
.##...# .> #.. ...#


You could see an orc.

Vanquished Creatures
  An orc wizard (D:3)
  4 adders
  4 dart slugs
  5 endoplasms
  4 giant cockroaches (D:1)
  7 goblins
  3 hobgoblins
  5 kobolds
  2 quokkas (D:2)
  6 ball pythons
  3 bats (D:1)
  3 frilled lizards
  3 rats
50 creatures vanquished.

Notes
Turn   | Place    | Note
-------+----------+-------------------------------------------
     0 | D:1      | qw the Tengu Warper began the quest for the Orb.
     0 | D:1      | Reached XP level 1. HP: 12/12 MP: 4/4
     0 | D:1      | 0 ||| qw: Version: 0.1-a-89-g26bdef1
     0 | D:1      | 0 ||| qw: Game counter: 478
     0 | D:1      | 0 ||| qw: Always use a shield: true
     0 | D:1      | 0 ||| qw: God list: Okawaru
     0 | D:1      | 0 ||| qw: Allow faded altars: false
     0 | D:1      | 0 ||| qw: Do Orc after D:15 true
     0 | D:1      | 0 ||| qw: Do second Lair branch before Depths: true
     0 | D:1      | 0 ||| qw: Lair rune preference: random
     0 | D:1      | 0 ||| qw: Plans: Normal
     0 | D:1      | 0 ||| PLANNING D:1-11
    76 | D:1      | 76 ||| Stepping ~*~*~tactically~*~*~ (stealth).
   127 | D:1      | 127 ||| Stepping ~*~*~tactically~*~*~ (stealth).
   129 | D:1      | 129 ||| Stepping ~*~*~tactically~*~*~ (stealth).
   131 | D:1      | 131 ||| Stepping ~*~*~tactically~*~*~ (stealth).
   136 | D:1      | 136 ||| Stepping ~*~*~tactically~*~*~ (stealth).
   137 | D:1      | 137 ||| Stepping ~*~*~tactically~*~*~ (stealth).
   142 | D:1      | 142 ||| Stepping ~*~*~tactically~*~*~ (stealth).
   278 | D:1      | Reached skill level 3 in Axes
   278 | D:1      | Reached XP level 2. HP: 6/17 MP: 6/6
   731 | D:1      | 731 ||| Stepping ~*~*~tactically~*~*~ (stealth).
   733 | D:1      | 733 ||| Stepping ~*~*~tactically~*~*~ (stealth).
   738 | D:1      | 738 ||| Stepping ~*~*~tactically~*~*~ (stealth).
   883 | D:1      | 883 ||| SWAPPING to +0 war axe.
   885 | D:1      | 885 ||| DROPPING +0 hand axe.
   903 | D:1      | 903 ||| Stepping ~*~*~tactically~*~*~ (stealth).
  1091 | D:1      | 1091 ||| DROPPING +0 club.
  1137 | D:1      | 1137 ||| Stepping ~*~*~tactically~*~*~ (hiding).
  1239 | D:1      | 1239 ||| Stepping ~*~*~tactically~*~*~ (hiding).
  1252 | D:1      | Reached XP level 3. HP: 16/21 MP: 7/7
  1423 | D:1      | Found a faded altar of an unknown god.
  1532 | D:1      | 1532 ||| UPGRADING to +0 cloak.
  1537 | D:1      | 1537 ||| UPGRADING to +0 ring mail.
  1547 | D:1      | 1547 ||| DROPPING +0 leather armour.
  1548 | D:1      | 1548 ||| READING scroll labelled FOUWUIKISK.
  1549 | D:1      | 1549 ||| READING scroll labelled DYTZOA UNTATE.
  1650 | D:1      | 1650 ||| READING scroll labelled CUMODWOKUS.
  1651 | D:1      | 1651 ||| DRINKING 2 bubbling yellow potions.
  1651 | D:1      | Gained mutation: You are dopey. (Int -2) [potion of
                  | mutation]
  1652 | D:1      | 1652 ||| DRINKING 2 yellow potions.
  1653 | D:1      | 1653 ||| DROPPING scroll of blinking.
  1663 | D:2      | Reached skill level 4 in Axes
  1730 | D:2      | 1730 ||| FLEEEEING.
  1937 | D:2      | 1937 ||| Stepping ~*~*~tactically~*~*~ (stealth).
  1944 | D:2      | 1944 ||| Stepping ~*~*~tactically~*~*~ (stealth).
  1945 | D:2      | 1945 ||| Stepping ~*~*~tactically~*~*~ (stealth).
  1987 | D:2      | Reached XP level 4. HP: 26/26 MP: 8/8
  2129 | D:2      | 2129 ||| Stepping ~*~*~tactically~*~*~ (hiding).
  2130 | D:2      | 2130 ||| Stepping ~*~*~tactically~*~*~ (stealth).
  2485 | D:2      | 2485 ||| DRINKING 2 pink potions.
  2512 | D:3      | 2512 ||| PLANNING SEWER
  2514 | D:3      | 2514 ||| STAIRDANCE
  2596 | D:3      | Reached skill level 5 in Axes
  2808 | D:3      | 2808 ||| Stepping ~*~*~tactically~*~*~ (hiding).
  2816 | D:3      | HP: 6/26 [poisoned by an orc wizard]
  2816 | D:3      | HP: 2/26 [orc wizard/magic dart (4)]
  2817 | D:3      | Succumbed to an orc wizard's poison

Levels and vault maps discovered:
D:1:      psy_arrival_statuary, layout_loops_corners, basic_ecumenical_altar,
          minmay_pentomino_w4
D:2:      layout_loops_cross, nrook_mini_vaults, palyth_stone_intersect
D:3:      layout_basic, portal_sewer_entry_f, grunt_ministairs_6,
          glass_columns_a, st_stairs_9, moated_statue, chequers_arboretum,
          minmay_distorted

Skill      XL: |  1  2  3  4 |
---------------+-------------+-----
Axes           | 3 4 5 |  5.2
Fighting       | |  2.0
Throwing       | |  1.0
Armour         | |  1.1
Dodging        | |  2.1
Spellcasting   | |  2.0
Translocations | |  2.4

Action                   |  1- 3 |  4- 6 || total
-------------------------+-------+-------++-------
Melee: Hand axe          |    24 |       ||    24
       Kick              |    15 |     6 ||    21
       Peck              |    10 |     5 ||    15
       War axe           |    49 |    30 ||    79
Throw: Boomerang         |     7 |       ||     7
  Use: Scroll            |     3 |       ||     3
       Potion            |     2 |     1 ||     3
Armor: Leather armour    |     9 |       ||     9
       Ring mail         |     8 |     5 ||    13
Dodge: Dodged            |    35 |    15 ||    50

Table legend:
 A = Non-vault XP
 B = Vault XP
 C = Vault XP percentage of total XP
 D = Non-vault monster count
 E = Vault monster count
 F = Vault count percentage of total count
                 A         B        C        D         E       F
            +---------+---------+-------+---------+---------+-------
      Total |     152 |      22 |  12.6 |      44 |       6 |  12.0
            +---------+---------+-------+---------+---------+-------
        D:1 |      36 |       7 |  16.3 |      19 |       4 |  17.4
        D:2 |      62 |       0 |   0.0 |      20 |       0 |   0.0
        D:3 |      54 |      15 |  21.7 |       5 |       2 |  28.6
            +---------+---------+-------+---------+---------+-------
